Map: Ulrena

Players

capac

  • Race: Terran Terran
  • League: Gold

Thvarnox - Winner!

  • Race: Terran Terran
  • League: Gold

VOD

Have the link to the VOD?

Description

Time

  • Played on: April 17, 2016, 10:18 a.m.
  • Length: 12:15
Show
View Real Time Build Order
Export as new Build Order

capac Terran 

Build Orders: Bio Tank 

Get SALT Encoding   

  12  0:00  SCV  
  13  0:12  SCV  
  14  0:19  Supply Depot  
  14  0:29  SCV  
  15  0:41  SCV  
  16  0:42  Barracks  
  16  0:49  Refinery  
  16  0:54  SCV  
  17  1:06  SCV  
  18  1:18  SCV  
  19  1:30  SCV  
  20  1:34  Reaper  
  21  1:42  Orbital Command  
  21  1:49  Command Center  
  21  2:03  Supply Depot  
  21  2:07  Marine  
  22  2:13  SCV  
  23  2:20  Refinery, Factory  
  23  2:33  Barracks, SCV  
  23  2:34  Barracks Reactor  
  24  2:47  SCV  
  25  2:59  SCV  
  26  3:10  Orbital Command  
  26  3:15  Bunker  
  26  3:16  SCV  
  26  3:18  Factory Tech Lab  
  27  3:20  Starport  
  27  3:21  Barracks Tech Lab, Marine  
  27  3:22  Marine  
  29  3:30  Engineering Bay  
  29  3:36  SCV  
  29  3:37  SCV  
  29  3:41  Marine x2  
  32  3:46  Marine  
  34  3:49  Siege Tank  
  34  3:54  Supply Depot  
  34  3:55  SCV  
  38  3:56  SCV  
  39  4:03  Marine x2  
  39  4:07  SCV  
  39  4:08  Medivac  
  44  4:19  Missile Turret  
  44  4:23  Supply Depot  
  44  4:27  Siege Tank  
  44  4:28  Marine x2  
  49  4:32  SCV x2  
  48  4:44  Missile Turret  
  48  4:45  Marine  
  48  4:46  Marine  
  50  4:53  Marine  
  50  4:54  Missile Turret  
  51  5:09  Refinery  
  51  5:10  Starport Reactor, Siege Tank  
  54  5:15  Marine x2  
  56  5:32  Missile Turret, SCV x2  
  58  5:39  Marine  
  58  5:40  Missile Turret  
  59  5:44  SCV  
  60  5:56  Marine x2  
  62  6:09  Supply Depot  
  62  6:14  Viking x2  
  62  6:16  Marine  
  62  6:17  Marine x2  
  69  6:29  Stimpack  
  69  6:33  SCV x2  
  69  6:34  Barracks  
  71  6:43  Supply Depot, Marine x2  
  73  6:50  SCV  
  73  6:51  SCV  
  75  6:55  Terran Infantry Weapons Level 1  
  75  7:04  Marine x3  
  78  7:12  SCV x2  
  78  7:14  Refinery  
  80  7:21  Siege Tank  
  82  7:24  SCV x2  
  82  7:25  Medivac  
  86  7:34  Barracks Tech Lab  
  86  7:39  Barracks  
  86  8:16  Armory  
  86  8:20  Supply Depot  
  86  8:21  Supply Depot, Combat Shields  
  86  8:22  Engineering Bay  
  86  8:36  Barracks Reactor  
  86  8:40  Command Center  
  86  8:41  Marine x3, Siege Tank, Medivac  
  86  8:42  Barracks, Marine  
  86  8:43  SCV x2  
  86  8:48  Medivac  
  99  8:53  Terran Infantry Armor Level 1  
  99  8:55  SCV x2  
  101  8:59  Marine  
  102  9:03  Supply Depot  
  102  9:05  Terran Infantry Weapons Level 2  
  102  9:17  Marine  
  102  9:23  Supply Depot  
  102  9:25  Marine, Siege Tank, Medivac  
  102  9:29  Marine x2  
  110  9:36  Barracks Reactor  
  110  9:38  Supply Depot  
  110  9:41  Terran Ship Weapons Level 1  
  110  9:42  Supply Depot  
  110  9:44  Marine x2  
  110  9:45  Marine  
  113  9:47  Supply Depot  
  113  10:13  Siege Tank  
  112  10:21  Marine x3  
  112  10:22  Marine x2  
  117  10:46  Siege Tank  
  116  11:50  Missile Turret  
Show
View Real Time Build Order
Export as new Build Order

Thvarnox Terran - Winner!

Build Orders: 1/1/1, Liberator Opening, Mech 

Get SALT Encoding   

  12  0:00  SCV  
  13  0:13  SCV  
  14  0:17  Supply Depot  
  14  0:25  SCV  
  15  0:39  SCV  
  15  0:40  Barracks  
  16  0:49  Refinery  
  16  0:51  SCV  
  17  1:01  Supply Depot  
  17  1:03  SCV  
  18  1:12  Refinery  
  18  1:15  SCV  
  19  1:27  Marine  
  19  1:28  Orbital Command  
  20  1:43  Factory  
  20  1:46  Marine  
  21  1:54  SCV  
  22  2:04  Marine  
  22  2:06  SCV  
  22  2:07  Supply Depot  
  24  2:18  SCV  
  25  2:27  Starport  
  25  2:28  Factory Tech Lab  
  25  2:30  SCV  
  25  2:35  Marine  
  27  2:54  Widow Mine  
  29  3:08  Cloaking Field  
  29  3:09  Banshee  
  32  3:21  Supply Depot  
  32  3:22  Bunker  
  32  3:24  Command Center  
  32  3:26  SCV  
  33  3:29  Factory Tech Lab  
  33  3:35  Barracks Tech Lab  
  33  3:38  SCV  
  34  3:46  Supply Depot  
  34  3:49  Engineering Bay  
  34  3:50  SCV  
  34  3:55  Liberator  
  35  3:58  Siege Tank  
  35  4:02  SCV  
  42  4:24  Refinery  
  42  4:30  Siege Tank  
  45  4:46  Orbital Command  
  42  5:03  SCV  
  43  5:09  Barracks Tech Lab  
  43  5:10  Orbital Command  
  43  5:13  Factory  
  43  5:18  SCV  
  43  5:19  Starport Reactor  
  44  5:23  Siege Tank  
  47  5:33  SCV  
  48  5:37  SCV  
  48  5:40  Refinery  
  49  5:45  Factory  
  49  5:49  Supply Depot  
  49  5:51  Missile Turret  
  49  5:53  Missile Turret  
  49  5:55  SCV  
  49  5:56  SCV  
  51  5:59  Viking x2  
  51  6:02  Missile Turret  
  55  6:08  SCV x2  
  57  6:19  Supply Depot  
  57  6:20  SCV x2, Armory  
  57  6:22  Siege Tank  
  62  6:28  Siege Tank  
  65  6:42  Supply Depot  
  65  6:44  Viking x2  
  65  6:45  Supply Depot  
  69  6:48  SCV x2  
  71  7:07  Command Center  
  71  7:10  Siege Tank  
  71  7:12  Siege Tank  
  77  7:17  Siege Tank  
  80  7:32  SCV x2  
  80  7:36  Supply Depot  
  82  7:42  Siege Tank  
  82  7:43  Viking  
  87  7:44  SCV x2  
  87  7:45  Viking  
  91  7:59  Siege Tank  
  91  8:01  SCV x2  
  91  8:03  Barracks Reactor  
  91  8:05  Terran Vehicle Weapons Level 1  
  96  8:13  Supply Depot  
  96  8:14  Hellion x2  
  96  8:15  Supply Depot  
  100  8:20  Planetary Fortress  
  100  8:29  SCV x2  
  100  8:31  Hellion  
  104  8:35  Hellion  
  104  8:36  Hellion  
  108  8:41  Refinery, SCV x2  
  108  8:42  Refinery  
  108  8:44  Viking  
  108  8:46  Viking  
  114  8:52  Missile Turret  
  114  8:57  SCV, Missile Turret  
  114  8:58  Hellion  
  114  9:00  Hellion  
  121  9:02  Hellion  
  121  9:09  Missile Turret, SCV x2  
  123  9:19  Hellion  
  123  9:21  Viking, Hellion  
  131  9:24  Hellion  
  131  9:30  SCV x2  
  133  9:36  Medivac  
  135  9:41  Hellion  
  135  9:42  Hellion  
  135  9:44  SCV  
  140  9:53  Supply Depot  
  140  9:55  Supply Depot x2  
  140  10:02  SCV  
  141  10:15  Hellion x2, SCV x2, Medivac  
  141  10:19  Missile Turret  
  149  10:30  Hellion  
  151  10:36  Hellion  
  151  10:37  Factory  
  154  10:42  SCV  
  154  10:43  SCV  
  154  10:44  Hellion  
  153  10:52  Hellion  
  153  11:00  Hellion  
  153  11:02  Command Center  
  151  11:06  Hellion  
  149  11:40  Siege Tank x2  
  149  11:41  Siege Tank  
  158  12:01  Refinery  
  152  12:04  Refinery  
Tags
 
Composition
Bio TankMech
League
GoldGold
Matchup
TvT
Race
Terran
Add a new tag
Caveats
  • Supply blocks, unpowered buildings, or Contaminate may cause inaccurate times.
  • Supply counts are checked every 10 seconds.